[Event "Saturday 20 January Rapid Engine Tour 12+1 Rounds 9 Starts 1600 ST"]
[Site "Infinity Chess"]
[Date "2018.1.20"]
[Round "2"]
[White "Susanne"]
[Black "Eman"]
[Result "1/2-1/2"]
[ECO "C55"]
[WhiteElo "2470"]
[BlackElo "2467"]
[WhiteEngine "asmFishW_2018-01-12_bmi2_CTG"]
[BlackEngine "Eman 1.64b 64-bit POPCNT"]
[EventType "Swiss"]
[WhiteTeam ""]
[BlackTeam ""]
[PlyCount "135"]
[TimeControl "720+1"]

1. e4 e5 2. Nf3 Nc6 3. Bc4 Nf6 4. d3 Bc5 5. O-O a5 6. c3 d6 7. Nbd2 O-O 
8. Re1 Be6 9. Bb5 Ne7 10. d4 Ba7 11. Nf1 exd4 12. Nxd4 Ng6 13. Ba4 h6 
14. Nxe6 fxe6 15. Be3 Bxe3 16. Nxe3 Kh8 17. Bb5 Ne5 18. f4 Ned7 19. Bxd7 Qxd7 
20. e5 dxe5 21. fxe5 Nd5 22. Nxd5 exd5 23. e6 Qc6 24. Re5 Rf6 25. Qxd5 Qxd5 
26. Rxd5 Rxe6 27. Rad1 a4 28. R1d2 a3 29. b3 Re1+ 30. Kf2 Rc1 31. c4 c6 
32. Rd7 b5 33. cxb5 cxb5 34. Rb7 Rf8+ 35. Kg3 Rc5 36. h3 Rg5+ 37. Kh4 Re5 
38. Kg3 Kh7 39. b4 Re3+ 40. Kh2 Rf5 41. Rc2 Rfe5 42. Rc5 Rxc5 43. bxc5 Re2 
44. Rxb5 Rxa2 45. Ra5 Kg6 46. Ra7 Kf6 47. c6 Rc2 48. Rxa3 Rxc6 49. Kg3 Ke6 
50. h4 h5 51. Ra1 Kf6 52. Kf2 g6 53. g3 Rc5 54. Ra4 Kf5 55. Rf4+ Ke6 
56. Ke3 Rc3+ 57. Kf2 Rc2+ 58. Ke1 Ke5 59. Rf3 Rc4 60. Kf2 Rc2+ 61. Ke1 Kd5 
62. Rf6 Rc3 63. Kf2 Rc2+ 64. Ke1 Rg2 65. Rxg6 Ke4 66. Kf1 Kf3 67. Rf6+ Kg4 
68. Kxg2 1/2-1/2

[Event "Saturday 20 January Rapid Engine Tour 12+1 Rounds 9 Starts 1600 ST"]
[Site "Infinity Chess"]
[Date "2018.1.20"]
[Round "2"]
[White "Murx"]
[Black "RonWeasley"]
[Result "1/2-1/2"]
[ECO "A17"]
[WhiteElo "2482"]
[BlackElo "2480"]
[WhiteEngine "BrainFish_180113_x64_modern"]
[BlackEngine "BrainFish 130117_CTG"]
[EventType "Swiss"]
[WhiteTeam ""]
[BlackTeam ""]
[PlyCount "66"]
[TimeControl "720+1"]

1. c4 Nf6 2. Nc3 e6 3. Nf3 d5 4. d4 c6 5. Bg5 h6 6. Bxf6 Qxf6 7. e3 Nd7 
8. Be2 g6 9. O-O Be7 10. Nd2 O-O 11. Rc1 Qg7 12. a3 g5 13. g3 f5 14. Nf3 Kh8 
15. Kh1 Rb8 16. b4 dxc4 17. Bxc4 e5 18. dxe5 Nxe5 19. Nxe5 Qxe5 20. f4 Qg7 
21. Ne2 c5 22. bxc5 Bxc5 23. fxg5 hxg5 24. Bd5 Bxe3 25. Rc3 Bb6 26. Nf4 gxf4 
27. gxf4 Qxc3 28. Qh5+ Kg7 29. Qg5+ Kh7 30. Qh4+ Kg6 31. Qg5+ Kh7 32. Qh5+ Kg7 
33. Qg5+ Kh7 1/2-1/2

[Event "Saturday 20 January Rapid Engine Tour 12+1 Rounds 9 Starts 1600 ST"]
[Site "Infinity Chess"]
[Date "2018.1.20"]
[Round "2"]
[White "Deep_Impact"]
[Black "Marsell"]
[Result "1-0"]
[ECO "D35"]
[WhiteElo "2487"]
[BlackElo "2485"]
[WhiteEngine "BrainFish_180113_x64_modern"]
[BlackEngine "asmFishW_2018-01-11_popcnt"]
[EventType "Swiss"]
[WhiteTeam ""]
[BlackTeam ""]
[PlyCount "177"]
[TimeControl "720+1"]

1. d4 d5 2. c4 e6 3. Nc3 Nf6 4. cxd5 exd5 5. Bg5 c6 6. e3 Be7 7. Bd3 O-O 
8. Nf3 Nbd7 9. Qc2 Re8 10. O-O Nf8 11. h3 Be6 12. Rab1 a5 13. a3 N8d7 14. Bf4 h6 
15. Bh2 Bf8 16. Rbc1 Kh8 17. Bg3 Nh5 18. Bh2 Nhf6 19. Rcd1 Kg8 20. Ne5 Nxe5 
21. dxe5 Nd7 22. f4 Nc5 23. f5 Bc8 24. Be2 Nd7 25. e4 d4 26. e6 fxe6 27. e5 exf5 
28. Qxf5 Nc5 29. Qg6 Be6 30. Na4 Kh8 31. Rxf8+ Rxf8 32. Nxc5 Bf5 33. Qg3 Qb6 
34. Nd3 Qb3 35. Bh5 Kg8 36. Nf4 Qxb2 37. Ng6 Be6 38. Nxf8 Rxf8 39. Bg6 b5 
40. Bd3 Qb3 41. Rb1 Qa2 42. Kh1 Qf2 43. Rc1 Qxg3 44. Bxg3 Bd5 45. Kg1 g5 
46. Bf2 Rd8 47. g4 Kg7 48. Kf1 b4 49. axb4 axb4 50. Ke2 Bg2 51. Rg1 Bd5 
52. Bxd4 Bc4 53. Rc1 Rxd4 54. Rxc4 Rd8 55. Rxc6 Rd5 56. Rg6+ Kf8 57. Rxh6 b3 
58. Rb6 Rxe5+ 59. Kf3 Re1 60. h4 gxh4 61. Rxb3 Ra1 62. Kf4 h3 63. Kg3 Ke7 
64. Kxh3 Kf6 65. Rb6+ Kg5 66. Rb5+ Kf4 67. Rb4+ Kf3 68. Be4+ Kf4 69. Bc6+ Kg5 
70. Rb5+ Kf4 71. Rb4+ Kg5 72. Rb5+ Kg6 73. g5 Re1 74. Kh4 Re2 75. Bf3 Re7 
76. Kg4 Re8 77. Bd5 Re1 78. Rb6+ Kg7 79. Rb7+ Kg6 80. Bf7+ Kg7 81. Be6+ Kf8 
82. Kf5 Rf1+ 83. Ke5 Rf2 84. g6 Rg2 85. Kf6 Rf2+ 86. Bf5 Re2 87. g7+ Kg8 
88. Rb8+ Re8 89. Rxe8# 1-0

[Event "Saturday 20 January Rapid Engine Tour 12+1 Rounds 9 Starts 1600 ST"]
[Site "Infinity Chess"]
[Date "2018.1.20"]
[Round "2"]
[White "Neoxium"]
[Black "Gilgamesch"]
[Result "1/2-1/2"]
[ECO "C45"]
[WhiteElo "2489"]
[BlackElo "2502"]
[WhiteEngine "SF SL FA-IDeA"]
[BlackEngine "BrainFish_171005_x64_bmi2"]
[EventType "Swiss"]
[WhiteTeam ""]
[BlackTeam ""]
[PlyCount "113"]
[TimeControl "720+1"]

1. e4 e5 2. Nf3 Nc6 3. d4 exd4 4. Nxd4 Nf6 5. Nxc6 bxc6 6. Bd3 d5 7. Qe2 Bb4+ 
8. Bd2 Be7 9. Nc3 O-O 10. O-O Re8 11. Rae1 Bd6 12. h3 Rb8 13. Qf3 d4 14. Na4 h6 
15. Bf4 Nd7 16. Qg3 Bxf4 17. Qxf4 Ne5 18. b3 c5 19. Nxc5 Qd6 20. Na4 c5 
21. Be2 Bd7 22. Nb2 c4 23. Rd1 Be6 24. Qc1 Rec8 25. Nxc4 Nxc4 26. bxc4 Bxc4 
27. Rfe1 Bxa2 28. e5 Qc5 29. Qf4 Qxc2 30. Qxd4 Qc7 31. Qe4 a5 32. Bd3 g6 
33. Qe3 Kg7 34. h4 Bb3 35. Rc1 Qd8 36. Rxc8 Rxc8 37. Bxg6 Be6 38. Be4 Qxh4 
39. Rf1 Qg4 40. f4 Bf5 41. Rf3 Kh7 42. Bxf5+ Qxf5 43. Qd4 Qg6 44. Qe3 a4 
45. Rg3 Qb1+ 46. Kh2 Rc1 47. Qd3+ Qxd3 48. Rxd3 Kg6 49. Rd6+ Kf5 50. Rf6+ Ke4 
51. Rxf7 a3 52. e6 Rc8 53. Ra7 Kxf4 54. g3+ Kg5 55. Rxa3 Kf6 56. g4 Kxe6 
57. Ra6+ 1/2-1/2

[Event "Saturday 20 January Rapid Engine Tour 12+1 Rounds 9 Starts 1600 ST"]
[Site "Infinity Chess"]
[Date "2018.1.20"]
[Round "1"]
[White "tris77"]
[Black "SkyPilot"]
[Result "1/2-1/2"]
[ECO "C77"]
[WhiteElo "2339"]
[BlackElo "2452"]
[WhiteEngine "Raubfisch ME262_GTZ16b2_CTG"]
[BlackEngine "stockfish_x64_bmi2_2018_01_13_CTG"]
[EventType "Swiss"]
[WhiteTeam ""]
[BlackTeam ""]
[PlyCount "102"]
[TimeControl "720+1"]

1. e4 e5 2. Nf3 Nc6 3. Bb5 a6 4. Ba4 Nf6 5. O-O Be7 6. Re1 b5 7. Bb3 O-O 
8. c3 d5 9. exd5 Nxd5 10. Nxe5 Nxe5 11. Rxe5 c6 12. d4 Bd6 13. Re1 Qh4 
14. g3 Qh3 15. Be3 Bg4 16. Qd3 Rae8 17. Nd2 Re6 18. a4 Qh5 19. axb5 axb5 
20. Bxd5 Qxd5 21. Qf1 Bb8 22. c4 bxc4 23. Qxc4 h6 24. Ra6 Qxc4 25. Nxc4 Bf3 
26. Bd2 Rxe1+ 27. Bxe1 f6 28. Ra3 Be2 29. Na5 Bb5 30. Rc3 Bd6 31. Nxc6 Re8 
32. Bd2 Re2 33. Bc1 Re1+ 34. Kg2 g5 35. Kf3 Kf7 36. Be3 Ke6 37. Nd8+ Kd7 
38. Nf7 f5 39. Rc1 Bc6+ 40. Rxc6 Kxc6 41. Nxh6 f4 42. gxf4 Bxf4 43. Bxf4 gxf4 
44. Kxf4 Kd5 45. h4 Re4+ 46. Kg5 Rxd4 47. f4 Ke6 48. f5+ Ke7 49. f6+ Kf8 
50. h5 Rb4 51. Kg6 Rxb2 1/2-1/2

[Event "Saturday 20 January Rapid Engine Tour 12+1 Rounds 9 Starts 1600 ST"]
[Site "Infinity Chess"]
[Date "2018.1.20"]
[Round "1"]
[White "NINJA_JENGKA"]
[Black "BraveDevil"]
[Result "1/2-1/2"]
[ECO "A46"]
[WhiteElo "2457"]
[BlackElo "2366"]
[WhiteEngine "Houdini 6_CTG"]
[BlackEngine "Cryptic AIL V1"]
[EventType "Swiss"]
[WhiteTeam ""]
[BlackTeam ""]
[PlyCount "52"]
[TimeControl "720+1"]

1. d4 Nf6 2. Nf3 d5 3. c4 e6 4. Nc3 c6 5. e3 Nbd7 6. Qc2 Bd6 7. Bd3 O-O 
8. O-O dxc4 9. Bxc4 a6 10. e4 e5 11. h3 b5 12. Be2 Re8 13. Be3 Qc7 14. Rad1 exd4 
15. Nxd4 b4 16. Na4 c5 17. Nf5 Bh2+ 18. Kh1 Nxe4 19. g3 Ndf6 20. Nh6+ gxh6 
21. Kxh2 Bb7 22. Bf4 Qc6 23. Bf3 Qb5 24. Be2 Qc6 25. Bf3 Qb5 26. Be2 Qc6 1/2-1/2

[Event "Saturday 20 January Rapid Engine Tour 12+1 Rounds 9 Starts 1600 ST"]
[Site "Infinity Chess"]
[Date "2018.1.20"]
[Round "1"]
[White "IronMan"]
[Black "KhalidOmar"]
[Result "1/2-1/2"]
[ECO "C55"]
[WhiteElo "2381"]
[BlackElo "2457"]
[WhiteEngine "Eman 1.58 64-bit BMI2"]
[BlackEngine "Eman 1.64b 64-bit BMI2"]
[EventType "Swiss"]
[WhiteTeam ""]
[BlackTeam ""]
[PlyCount "114"]
[TimeControl "720+1"]

1. e4 e5 2. Nf3 Nc6 3. Bc4 Nf6 4. d3 Bc5 5. c3 a5 6. O-O d6 7. Bg5 O-O 8. Bh4 h6 
9. Nbd2 g5 10. Nxg5 hxg5 11. Bxg5 Kg7 12. Qf3 Rh8 13. Rae1 Kg6 14. h4 Rh7 
15. d4 Ba7 16. g4 Bxg4 17. Qg2 Kg7 18. f3 exd4 19. fxg4 dxc3+ 20. Kh1 cxd2 
21. Qxd2 Bd4 22. e5 Bxe5 23. h5 Qd7 24. Rxe5 Nxe5 25. Bxf6+ Kf8 26. Bxe5 Qxg4 
27. Bxd6+ cxd6 28. Qxd6+ Kg8 29. Bxf7+ Kh8 30. Bg6 Qh4+ 31. Qh2 Qxh2+ 
32. Kxh2 Rd7 33. Re1 Kg7 34. Kg3 Kf6 35. Rf1+ Kg7 36. Re1 Kh6 37. Re5 a4 
38. a3 Rd6 39. Re7 Rb6 40. Kg4 Rh8 41. Re2 Rb5 42. Kh4 Rf8 43. Re7 Rh8 
44. Re2 Rb3 45. Bf7 Rb6 46. Bg6 Rf8 47. Re7 Rh8 48. Re2 Rf6 49. Re4 Rg8 
50. Rxa4 Rf2 51. Ra5 Rgf8 52. Rb5 b6 53. Rxb6 R8f4+ 54. Kh3 R4f3+ 55. Kh4 Rf4+ 
56. Kg3 R4f3+ 57. Kh4 Rf4+ 1/2-1/2

[Event "Saturday 20 January Rapid Engine Tour 12+1 Rounds 9 Starts 1600 ST"]
[Site "Infinity Chess"]
[Date "2018.1.20"]
[Round "1"]
[White "Harry_Potter"]
[Black "OlivierEvan"]
[Result "1/2-1/2"]
[ECO "C77"]
[WhiteElo "2467"]
[BlackElo "2401"]
[WhiteEngine "BrainFish_180113_x64_bmi2_CTG"]
[BlackEngine "Houdini 6"]
[EventType "Swiss"]
[WhiteTeam ""]
[BlackTeam ""]
[PlyCount "65"]
[TimeControl "720+1"]

1. e4 e5 2. Nf3 Nc6 3. Bb5 a6 4. Ba4 Nf6 5. d3 Bc5 6. O-O d6 7. c3 O-O 8. h3 h6 
9. Re1 b5 10. Bb3 Re8 11. Nbd2 Be6 12. Bxe6 Rxe6 13. b4 Bb6 14. a4 d5 15. Qc2 d4 
16. Nb3 dxc3 17. Qxc3 Qf8 18. axb5 axb5 19. Rxa8 Qxa8 20. Nc5 Bxc5 21. Qxc5 Qf8 
22. Qxf8+ Kxf8 23. Bd2 Rd6 24. Rc1 Nd7 25. Kf1 Ke8 26. Ne1 g5 27. g3 f6 
28. f4 Kd8 29. fxg5 fxg5 30. Bc3 Nf8 31. Ke2 Ne6 32. Nf3 Ncd4+ 33. Nxd4 1/2-1/2

[Event "Saturday 20 January Rapid Engine Tour 12+1 Rounds 9 Starts 1600 ST"]
[Site "Infinity Chess"]
[Date "2018.1.20"]
[Round "1"]
[White "Satria_Ungu"]
[Black "angriff"]
[Result "1/2-1/2"]
[ECO "A40"]
[WhiteElo "2414"]
[BlackElo "2468"]
[WhiteEngine "Houdini 6_CTG"]
[BlackEngine "Raubfisch ME262_GTZ16b2_CTG"]
[EventType "Swiss"]
[WhiteTeam ""]
[BlackTeam ""]
[PlyCount "120"]
[TimeControl "720+1"]

1. d4 c6 2. e4 d5 3. e5 c5 4. Nf3 cxd4 5. Nxd4 Nc6 6. Nxc6 bxc6 7. Bd3 Qc7 
8. Qe2 e6 9. b3 Ne7 10. O-O Ng6 11. f4 Be7 12. Nd2 Bb7 13. Nf3 c5 14. c3 O-O 
15. Be3 a5 16. h4 c4 17. bxc4 dxc4 18. Bc2 Bxf3 19. Rxf3 Bc5 20. Bxc5 Qxc5+ 
21. Kh2 Nxh4 22. Rh3 Ng6 23. Qh5 h6 24. Rf1 Qe7 25. Bxg6 fxg6 26. Qxg6 Kh8 
27. Qe4 Qc7 28. Rhf3 Rad8 29. f5 exf5 30. Rxf5 Rxf5 31. Qxf5 Rd5 32. Re1 Rd3 
33. Qf8+ Kh7 34. Kh1 Qc6 35. Qf5+ Qg6 36. Qe4 Qxe4 37. Rxe4 Kg6 38. e6 Rd8 
39. Rxc4 Kf6 40. Rc5 a4 41. Rc4 a3 42. e7 Kxe7 43. Ra4 h5 44. Rxa3 Ke6 
45. Ra5 g6 46. a3 Rc8 47. Rg5 Kf6 48. Rg3 Rc4 49. Rf3+ Kg5 50. Kh2 Rh4+ 
51. Rh3 Rc4 52. Rg3+ Kf5 53. Rf3+ Ke4 54. Kh3 g5 55. Kg3 Ra4 56. Kf2 Rxa3 
57. Re3+ Kf5 58. Rf3+ Ke4 59. Re3+ Kf5 60. Rf3+ Ke4 1/2-1/2

[Event "Saturday 20 January Rapid Engine Tour 12+1 Rounds 9 Starts 1600 ST"]
[Site "Infinity Chess"]
[Date "2018.1.20"]
[Round "1"]
[White "Eman"]
[Black "star99"]
[Result "1/2-1/2 "]
[ECO "A46"]
[WhiteElo "2469"]
[BlackElo "2421"]
[WhiteEngine "Eman 1.64b 64-bit POPCNT"]
[BlackEngine "Cryptic AIL V1"]
[EventType "Swiss"]
[WhiteTeam ""]
[BlackTeam ""]
[PlyCount "176"]
[TimeControl "720+1"]

1. d4 Nf6 2. Nf3 d5 3. c4 e6 4. Nc3 c6 5. e3 Nbd7 6. Qc2 Bd6 7. Bd3 O-O 
8. O-O dxc4 9. Bxc4 a6 10. Rd1 b5 11. Bd3 Bb7 12. Ng5 h6 13. Nge4 Bc7 14. a3 Nd5 
15. Bd2 f5 16. Nc5 Nxc5 17. dxc5 Nf6 18. g3 Qe8 19. b4 Qh5 20. Bf1 e5 21. Bg2 e4 
22. Be1 Be5 23. Rab1 Bc8 24. Qa2+ Kh8 25. Ne2 Nd5 26. Nf4 Qf7 27. Qc2 Be6 
28. Nxe6 Qxe6 29. Bd2 Rad8 30. f3 Nf6 31. f4 Bc7 32. Bc3 Rxd1+ 33. Rxd1 Nd5 
34. Bd4 Re8 35. Bf1 Kh7 36. Be2 g5 37. Kh1 Bd8 38. fxg5 hxg5 39. g4 f4 
40. exf4 gxf4 41. g5 Qg6 42. Bg4 f3 43. h4 Rf8 44. h5 Qxg5 45. Qxe4+ Kh6 
46. Bf2 Nf6 47. Qf5 Qxf5 48. Bxf5 Kg5 49. Bg6 Ng4 50. Kg1 Bc7 51. Be4 Bf4 
52. Bxc6 Be3 53. Bxe3+ Nxe3 54. Rd2 Ng4 55. Rf2 Nxf2 56. Kxf2 Kxh5 57. Bd7 Rf4 
58. Be6 Rf6 59. Bd7 Rf4 60. Bc8 Kg5 61. Bxa6 Rf6 62. Bc8 Rf7 63. Be6 Ra7 
64. Kxf3 Kf6 65. Bd5 Rxa3+ 66. Kf4 Ra4 67. Ke4 Rxb4+ 68. Kd3 Rg4 69. Bc6 Rg3+ 
70. Kc2 b4 71. Bd7 Rc3+ 72. Kb2 Ke7 73. c6 Kd8 74. Kb1 Rd3 75. Kb2 Rf3 
76. Be6 Rd3 77. Bg4 Rc3 78. Bd7 Ke7 79. Kb1 Re3 80. Kc2 Ra3 81. Kb1 Rb3+ 
82. Kc2 Rf3 83. Kb2 Kd8 84. Bg4 Rc3 85. Bd7 Rg3 86. Ka2 Rf3 87. Bg4 Rc3 
88. Bd7 Kc7 1/2-1/2

[Event "Saturday 20 January Rapid Engine Tour 12+1 Rounds 9 Starts 1600 ST"]
[Site "Infinity Chess"]
[Date "2018.1.20"]
[Round "1"]
[White "Thinker"]
[Black "Susanne"]
[Result "1/2-1/2"]
[ECO "B32"]
[WhiteElo "2421"]
[BlackElo "2472"]
[WhiteEngine "BrainFish_180113_x64_modern_CTG"]
[BlackEngine "asmFishW_2018-01-12_bmi2_CTG"]
[EventType "Swiss"]
[WhiteTeam ""]
[BlackTeam ""]
[PlyCount "125"]
[TimeControl "720+1"]

1. e4 c5 2. Nf3 Nc6 3. d4 cxd4 4. Nxd4 e5 5. Nb5 d6 6. N1c3 a6 7. Na3 b5 
8. Nd5 Nf6 9. Bg5 Be7 10. Bxf6 Bxf6 11. c3 Rb8 12. Nc2 Bg5 13. a4 bxa4 
14. Ncb4 Nxb4 15. Nxb4 Bd7 16. Bxa6 Qa5 17. Qxd6 Rb6 18. Qd3 Be6 19. Bc4 Rxb4 
20. Bxe6 Rd4 21. Qf3 O-O 22. Bd5 Bd2+ 23. Ke2 Qa6+ 24. c4 Bb4 25. Rhd1 Rxd1 
26. Rxd1 Bc5 27. Rd2 g6 28. g4 Kg7 29. Kf1 Qa5 30. Qd1 Rb8 31. Kg2 Qd8 
32. Bxf7 Qf6 33. Bd5 Rf8 34. f3 h5 35. gxh5 Be3 36. Rc2 Qg5+ 37. Kh1 Qxh5 
38. c5 Rxf3 39. Bc4 Rg3 40. Qd7+ Kh6 41. Rg2 Rxg2 42. Kxg2 Qg5+ 43. Kh3 Bxc5 
44. Qg4 Qd2 45. Qe2 Qb4 46. Bb5 Bd4 47. Qd3 Qxb2 48. Bxa4 Qf2 49. Bb5 Qf4 
50. Qe2 g5 51. Bd7 Kh7 52. Bf5+ Kg7 53. Bg4 Ba1 54. Qd1 Qe3+ 55. Qf3 Qf4 
56. Qe2 Qc1 57. Kg3 Bb2 58. Qf3 Ba1 59. Kg2 Qc2+ 60. Qe2 Qc1 61. Kg3 Bb2 
62. Kg2 Ba1 63. Kg3 1/2-1/2

[Event "Saturday 20 January Rapid Engine Tour 12+1 Rounds 9 Starts 1600 ST"]
[Site "Infinity Chess"]
[Date "2018.1.20"]
[Round "1"]
[White "RonWeasley"]
[Black "MarioDeMonti"]
[Result "1/2-1/2"]
[ECO "C55"]
[WhiteElo "2482"]
[BlackElo "2436"]
[WhiteEngine "BrainFish 130117_CTG"]
[BlackEngine "stockfish_x64_bmi2_2018_01_13_CTG"]
[EventType "Swiss"]
[WhiteTeam ""]
[BlackTeam ""]
[PlyCount "100"]
[TimeControl "720+1"]

1. e4 e5 2. Nf3 Nc6 3. Bc4 Nf6 4. d3 Bc5 5. c3 d6 6. Bb3 a6 7. Nbd2 O-O 
8. O-O Ba7 9. Re1 h6 10. Nf1 Na5 11. Bc2 c5 12. h3 Be6 13. Ng3 Nc6 14. Nh4 Ne7 
15. Qf3 Ng6 16. Nhf5 b5 17. Qe3 Nf4 18. Qf3 Ng6 19. Be3 Kh8 20. Rad1 d5 
21. d4 Bxf5 22. Nxf5 cxd4 23. cxd4 exd4 24. Bxd4 Bxd4 25. Rxd4 Qc7 26. e5 Rfe8 
27. Nxg7 Rxe5 28. Rxe5 Qxe5 29. Nf5 Rc8 30. Qd1 Nf4 31. Kh1 Rxc2 32. Qxc2 Ne4 
33. Rxe4 Qxe4 34. Qxe4 dxe4 35. Nxh6 Kg7 36. Nf5+ Kg6 37. Ne3 f5 38. Kh2 Nd3 
39. Nd1 b4 40. Kg1 Kg5 41. g3 f4 42. Kg2 a5 43. a3 Nxb2 44. axb4 Nxd1 
45. bxa5 e3 46. fxe3 Nxe3+ 47. Kf2 fxg3+ 48. Kxg3 Nf5+ 49. Kf2 Ne7 50. Kf3 Nc6 
1/2-1/2

[Event "Saturday 20 January Rapid Engine Tour 12+1 Rounds 9 Starts 1600 ST"]
[Site "Infinity Chess"]
[Date "2018.1.20"]
[Round "1"]
[White "neófito"]
[Black "Murx"]
[Result "1/2-1/2"]
[ECO "C55"]
[WhiteElo "2436"]
[BlackElo "2484"]
[WhiteEngine "asmFishW_2018-01-12_bmi2"]
[BlackEngine "BrainFish_180113_x64_modern"]
[EventType "Swiss"]
[WhiteTeam ""]
[BlackTeam ""]
[PlyCount "81"]
[TimeControl "720+1"]

1. e4 e5 2. Nf3 Nc6 3. Bc4 Nf6 4. d3 Bc5 5. c3 d6 6. Bg5 a5 7. Nbd2 h6 8. Bh4 g5 
9. Bg3 Ba7 10. a3 Rb8 11. Ba2 O-O 12. O-O Be6 13. b4 axb4 14. axb4 b5 
15. Bxe6 fxe6 16. Nb3 Qe8 17. Kh1 Ra8 18. Qe2 Bb6 19. Rxa8 Qxa8 20. h3 Ne7 
21. Qc2 Ng6 22. Re1 g4 23. hxg4 Nxg4 24. c4 Qa4 25. c5 dxc5 26. bxc5 Bxc5 
27. Ra1 Ba3 28. Kg1 Nf4 29. Bxf4 Rxf4 30. Qa2 Be7 31. Qxa4 bxa4 32. Rxa4 Rf8 
33. Ra6 Rd8 34. Rxe6 Rxd3 35. Nbd2 Kf8 36. Rc6 Bb4 37. Nf1 Rc3 38. Rxc3 Bxc3 
39. N1d2 Ke7 40. Kf1 Kd6 41. Ke2 1/2-1/2

[Event "Saturday 20 January Rapid Engine Tour 12+1 Rounds 9 Starts 1600 ST"]
[Site "Infinity Chess"]
[Date "2018.1.20"]
[Round "1"]
[White "Marsell"]
[Black "Dovahkiin"]
[Result "1/2-1/2"]
[ECO "B90"]
[WhiteElo "2487"]
[BlackElo "2438"]
[WhiteEngine "asmFishW_2018-01-11_popcnt"]
[BlackEngine "BrainFish_180113_x64_modern_CTG"]
[EventType "Swiss"]
[WhiteTeam ""]
[BlackTeam ""]
[PlyCount "168"]
[TimeControl "720+1"]

1. e4 c5 2. Nf3 d6 3. d4 cxd4 4. Nxd4 Nf6 5. Nc3 a6 6. Be3 e5 7. Nb3 Be6 
8. f3 h5 9. Qd2 Nbd7 10. Nd5 Bxd5 11. exd5 g6 12. Be2 Bg7 13. O-O b6 14. c4 O-O 
15. Rae1 Re8 16. Bf2 Qc7 17. Bd3 Kh7 18. a4 Bh6 19. Qd1 Bg5 20. Nd2 Nc5 
21. Bc2 Kg7 22. Nb1 h4 23. Nc3 a5 24. Nb5 Qd7 25. b3 Nh5 26. Bb1 Qd8 27. Re2 Rh8 
28. Rb2 Bf4 29. Qc2 Bg3 30. Qc3 Bxf2+ 31. Rfxf2 Nf4 32. Qd2 f5 33. Bc2 Qe7 
34. Rb1 Qf6 35. Rd1 Na6 36. Rdf1 Rh7 37. Kh1 Kg8 38. Kg1 Nb4 39. Bb1 Rb8 
40. Nc3 Na6 41. Kh1 Nc5 42. Bc2 Kg7 43. Rb1 Nh5 44. Re1 Ng3+ 45. Kg1 f4 
46. h3 Kh6 47. Nd1 Qg5 48. Qc1 Rf7 49. Qb1 Nf5 50. Be4 Qg3 51. Nc3 Re8 
52. Rb2 Na6 53. Bd3 Qg5 54. Ne4 Qe7 55. Nf2 Kg7 56. Ng4 Nc5 57. Qc2 Nd4 
58. Qc3 Qg5 59. Reb1 Nf5 60. Re1 Nh6 61. Nf2 Rc8 62. Qd2 Rfc7 63. Bc2 Nf5 
64. Ng4 Nd7 65. Bd3 Nf6 66. Nxf6 Qxf6 67. Bxf5 gxf5 68. Rc2 Kh6 69. b4 Rxc4 
70. Rxc4 Rxc4 71. bxa5 bxa5 72. Qxa5 e4 73. Kh1 e3 74. Qa8 Rc2 75. a5 Rd2 
76. a6 Ra2 77. Rg1 e2 78. a7 Qg7 79. Qe8 Qxa7 80. Qe6+ Kg5 81. Qg8+ Kh5 
82. Qe6 Kg5 83. Qg8+ Kh5 84. Qe6 Kg5 1/2-1/2

[Event "Saturday 20 January Rapid Engine Tour 12+1 Rounds 9 Starts 1600 ST"]
[Site "Infinity Chess"]
[Date "2018.1.20"]
[Round "1"]
[White "Cepri"]
[Black "Deep_Impact"]
[Result "1/2-1/2"]
[ECO "C50"]
[WhiteElo "2439"]
[BlackElo "2489"]
[WhiteEngine "asmFishW_12J18Mb_CTG"]
[BlackEngine "BrainFish_180113_x64_modern"]
[EventType "Swiss"]
[WhiteTeam ""]
[BlackTeam ""]
[PlyCount "168"]
[TimeControl "720+1"]

1. e4 e5 2. Nf3 Nc6 3. Bc4 Bc5 4. d3 Nf6 5. O-O d6 6. c3 O-O 7. h3 a6 8. Re1 Ba7 
9. Bb3 h6 10. Nbd2 Re8 11. a4 Be6 12. Bxe6 Rxe6 13. b4 d5 14. Qc2 d4 
15. Bb2 dxc3 16. Bxc3 a5 17. b5 Nb4 18. Bxb4 axb4 19. Nc4 Nd7 20. a5 Rf6 
21. Qe2 Bc5 22. Reb1 c6 23. b6 Re6 24. Qc2 Ra6 25. Ncd2 Re8 26. g3 Bf8 
27. Nc4 g6 28. Kg2 Qe7 29. Rd1 Bg7 30. Rdb1 Bf8 31. Rd1 Bg7 32. h4 h5 
33. Rab1 Rd8 34. Qb2 c5 35. Nfd2 Nb8 36. Ra1 Nc6 37. Nb3 Bh6 38. Qc2 Nd4 
39. Nxd4 Rxd4 40. Qa4 Kg7 41. Ra2 Rd8 42. Qb5 Rc8 43. Rc2 Qe6 44. Rb1 Kf8 
45. Ra2 Kg7 46. Re2 Raa8 47. Rd1 Ra6 48. Rb1 Kf6 49. Rc2 Kg7 50. Rcb2 Kg8 
51. Rc2 Kg7 52. Rf1 Kg8 53. Re1 Qe7 54. Rd1 Qe6 55. Ra1 Rc6 56. Rh1 Rc8 
57. Rd1 Raa8 58. Rb2 Qe7 59. Ra2 Ra6 60. Rf1 Kg7 61. Raa1 Qe6 62. Rfb1 Kh8 
63. Rh1 Kg7 64. Rhb1 Rc6 65. Ra2 Qe7 66. Rc2 Kg8 67. Re1 Qe6 68. Nb2 Bf8 
69. Nc4 Bh6 70. Rb1 Qe7 71. Qa4 Rc8 72. Rd1 Rc6 73. Rb1 Rc8 74. Rd1 Qe6 
75. Qb5 Qe7 76. Rg1 Rc6 77. Nb2 Ra8 78. Rb1 Qd6 79. Rd1 Qe6 80. Nc4 Ra6 
81. Ra1 Kg7 82. Qa4 Kg8 83. Re1 Rc8 84. Qb5 Rc6 1/2-1/2

[Event "Saturday 20 January Rapid Engine Tour 12+1 Rounds 9 Starts 1600 ST"]
[Site "Infinity Chess"]
[Date "2018.1.20"]
[Round "1"]
[White "THE_MACHINE"]
[Black "KULLANI"]
[Result "1/2-1/2 "]
[ECO "C58"]
[WhiteElo "2491"]
[BlackElo "2446"]
[WhiteEngine "Houdini 6"]
[BlackEngine "BrainFish_180113_x64_CTG"]
[EventType "Swiss"]
[WhiteTeam ""]
[BlackTeam ""]
[PlyCount "62"]
[TimeControl "720+1"]

1. e4 e5 2. Nf3 Nc6 3. Bc4 Nf6 4. Ng5 d5 5. exd5 Na5 6. Bb5+ c6 7. dxc6 bxc6 
8. Bd3 Nd5 9. h4 h6 10. Qh5 Qf6 11. Ne4 Qe6 12. Ng5 Qf6 13. Nh7 Rxh7 14. Bxh7 g6 
15. Qe2 Nf4 16. Qf3 Bb7 17. Nc3 Qg7 18. d3 c5 19. Ne4 O-O-O 20. Bxf4 exf4 
21. Qg4+ f5 22. Qxg6 fxe4 23. Qxg7 Bxg7 24. Bxe4 Bxe4 25. dxe4 Bxb2 26. Rd1 Re8 
27. Rd5 Rxe4+ 28. Kd2 Rd4+ 29. Rxd4 Bxd4 30. Ke2 Nc6 31. a3 Ne5 1/2-1/2

[Event "Saturday 20 January Rapid Engine Tour 12+1 Rounds 9 Starts 1600 ST"]
[Site "Infinity Chess"]
[Date "2018.1.20"]
[Round "1"]
[White "incredible"]
[Black "Neoxium"]
[Result "1/2-1/2"]
[ECO "E40"]
[WhiteElo "2447"]
[BlackElo "2491"]
[WhiteEngine "Stockfish_x64_bmi2"]
[BlackEngine "SF SL FA-IDeA"]
[EventType "Swiss"]
[WhiteTeam ""]
[BlackTeam ""]
[PlyCount "226"]
[TimeControl "720+1"]

1. d4 Nf6 2. c4 e6 3. Nc3 Bb4 4. e3 O-O 5. Nge2 d5 6. a3 Be7 7. cxd5 exd5 
8. Nf4 c6 9. Bd3 Re8 10. O-O Bd6 11. Qc2 Nbd7 12. f3 Qc7 13. h3 a6 14. g4 Nf8 
15. Qf2 Ne6 16. Nxe6 Bxe6 17. Bd2 c5 18. Kg2 b6 19. Rg1 Bh2 20. Rgb1 Bd6 
21. Rg1 Bh2 22. Rh1 Bd6 23. Rac1 Qd8 24. Rhg1 Bc8 25. g5 Nh5 26. f4 cxd4 
27. exd4 g6 28. Qf3 Bc7 29. h4 b5 30. Rge1 Rxe1 31. Rxe1 Bb7 32. Nd1 Bb6 
33. f5 Qd6 34. Nf2 Bxd4 35. Ng4 Bg7 36. Bb4 Qf4 37. f6 Bf8 38. Bxf8 Kxf8 
39. Kf2 Qd4+ 40. Qe3 Qxe3+ 41. Rxe3 Nf4 42. Bb1 Ne6 43. Re1 Rd8 44. Rc1 Re8 
45. Ba2 Kg8 46. Bb1 Kf8 47. Ba2 Kg8 48. b4 Kf8 49. Bb3 Ba8 50. Rc2 Kg8 
51. Rc3 Kf8 52. Rc1 Bb7 53. Rc2 Ba8 54. Rc1 Bb7 55. Kg3 Kg8 56. Nh6+ Kf8 
57. Ng4 Ba8 58. Rd1 Nc7 59. Rd2 Bb7 60. Rd1 Kg8 61. Rc1 Ne6 62. a4 bxa4 
63. Bxa4 Rd8 64. Kf2 d4 65. Bb3 Bd5 66. Bxd5 Rxd5 67. Ke2 Kf8 68. Rc8+ Rd8 
69. Rc4 Ke8 70. Ne5 Rd5 71. Rc8+ Nd8 72. Nd3 Kd7 73. Ra8 Nc6 74. Rxa6 Rb5 
75. Ra8 Ke6 76. Re8+ Kf5 77. Rf8 Rb7 78. b5 Ne5 79. Nxe5 Kxe5 80. Kd3 Kd5 
81. Rd8+ Kc5 82. Rh8 Rxb5 83. Rxh7 Rb7 84. Ke4 d3 85. Kxd3 Kd6 86. Rh8 Ke6 
87. Re8+ Kf5 88. Re4 Rb1 89. Rd4 Ke5 90. Rg4 Kf5 91. Rd4 Ke5 92. Rc4 Rb3+ 
93. Rc3 Rb7 94. Rc4 Rb3+ 95. Rc3 Rb7 96. Rc8 Rb3+ 97. Kc4 Rh3 98. Re8+ Kf5 
99. Rh8 Ke6 100. Kc5 Rc3+ 101. Kb4 Rh3 102. Re8+ Kf5 103. Rh8 Ke6 104. Rh6 Rh1 
105. Rh7 Ra1 106. h5 gxh5 107. Rxh5 Rb1+ 108. Kc3 Ra1 109. Rh7 Rb1 110. g6 fxg6 
111. f7 Ke7 112. Kd4 Rb4+ 113. Kd5 Rb5+ 1/2-1/2